 Dungeon Crawl Stone Soup version 0.25.1-2-g60ff931df9 (webtiles) character file.

Game seed: 2189457701615324644

17758 Alecce the Fighter (level 12, -14/132 HPs)
             Began as an Ogre Transmuter on Oct 30, 2020.
             Demolished by a bog body (18 damage)
             ... on level 2 of the Lair of Beasts.
             The game lasted 00:48:34 (21713 turns).

Alecce the Fighter (Ogre Transmuter)               Turns: 21713, Time: 00:48:35

Health: -14/132    AC:  2    Str: 21    XL:     12   Next: 51%
Magic:  21/21      EV: 23    Int: 14    God:
Gold:   432        SH:  0    Dex: 14    Spells: 8/23 levels left

rFire    x . .     SeeInvis .     - Unarmed
rCold    + . .     Gourm    .   (shield currently unavailable)
rNeg     . . .     Faith    .   (armour currently unavailable)
rPois    x         Spirit   .   (helmet currently unavailable)
rElec    .         Reflect  .   (cloak currently unavailable)
rCorr    .         Harm     .   (gloves unavailable)
MR       +....                  (boots unavailable)
Stlth    +.........             (no amulet)
HPRegen  0.32/turn              r - ring of ice
MPRegen  0.17/turn              y - +4 ring of evasion

@: spider-form, slowed, very slow
A: tiny, unfitting armour
a: End Transformation


You were on level 2 of the Lair of Beasts.
You were not hungry.
You were a venomous arachnid creature.
You visited 2 branches of the dungeon, and saw 12 of its levels.
You also visited: Ossuary.

You collected 800 gold pieces.
You spent 368 gold pieces at shops.

Inventory:

Hand Weapons
 A - the +9 scimitar "Haresaph" {vorpal, Dex+4}
   (You bought it in a shop on level 8 of the Dungeon)

   It inflicts extra damage upon your enemies.
   It affects your dexterity (+4).
 O - a +6 scimitar of flaming
Missiles
 a - 110 arrows
Armour
 b - a +0 robe (melded)
 l - a +0 kite shield
 F - a scarf of invisibility (melded)
Magical Staves
 D - an uncursed staff of cold
 I - an uncursed staff of fire
 K - an uncursed staff of poison
Jewellery
 r - a ring of ice (left front leg)
 y - a +4 ring of evasion (right front leg)
 M - an uncursed amulet of guardian spirit {unknown}
Wands
 i - a wand of acid (7)
 t - a wand of flame (14)
 x - a wand of iceblast (10)
 G - a wand of digging (4)
 H - a wand of enslavement (14)
 L - a wand of paralysis (19)
 P - a wand of polymorph (16)
Scrolls
 e - a scroll of immolation
 g - 4 scrolls of fog
 h - 5 scrolls of teleportation
 j - 2 scrolls of remove curse
 k - 6 scrolls of enchant armour
 m - 9 scrolls of amnesia
 q - 2 scrolls of fear
 v - 2 scrolls of blinking
 N - 5 scrolls of identify
Potions
 f - a potion of flight
 n - 2 potions of brilliance
 o - 3 potions of resistance {unknown}
 p - 3 potions of heal wounds
 s - 3 potions of lignification {unknown}
 u - a potion of haste
 w - 2 potions of might
 z - 5 potions of curing
 B - a potion of invisibility
 C - 3 potions of degeneration {unknown}
 E - 2 potions of cancellation
 J - a potion of stabbing {unknown}
Comestibles
 d - 24 rations


   Skills:
 - Level 12.0 Fighting
 - Level 1.7 Dodging
 - Level 12.0 Unarmed Combat
 + Level 6.3 Spellcasting
 + Level 9.5 Transmutations
 + Level 2.4 Ice Magic
 - Level 4.0 Poison Magic


You had 8 spell levels left.
You knew the following spells:

 Your Spells              Type           Power        Failure   Level  Hunger
a - Beastly Appendage     Tmut           ####..       2%          1    None
b - Sticks to Snakes      Tmut           ####....     3%          2    #......
c - Spider Form           Tmut/Pois      ###.......   10%         3    ###....
d - Blade Hands           Tmut           ####......   22%         5    ######.
e - Ice Form              Ice/Tmut       ####....     30%         4    ####...

Your spell library contained the following spells:

 Spells                   Type           Power        Failure   Level  Hunger
 Poisonous Vapours        Pois/Air       ##....       24%         2    #......
 Foxfire                  Conj/Fire      #...         34%         1    None
 Summon Small Mammal      Summ           #...         34%         1    None
 Call Imp                 Summ           #.......     43%         2    #......
 Olgreb's Toxic Radiance  Pois           ###.....     50%         4    ####...
 Call Canine Familiar     Summ           #.......     63%         3    ###....
 Conjure Flame            Conj/Fire      #.......     63%         3    ###....
 Inner Flame              Hex/Fire       #.......     63%         3    ###....
 Summon Guardian Golem    Hex/Summ       #.......     63%         3    ###....
 Summon Ice Beast         Ice/Summ       ##......     85%         4    ####...
 Sticky Flame             Conj/Fire      #.......     94%         4    ####...
 Summon Lightning Spire   Summ/Air       #.......     94%         4    ####...
 Fireball                 Conj/Fire      #.........   99%         5    ######.


Dungeon Overview and Level Annotations

Branches:
Dungeon (10/15)            Temple (0/1) D:6            Lair (2/6) D:8
  Swamp (0/4) Lair:2       Spider (0/4) Lair:2      Ossuary (visited)
    Orc: D:9-12

Altars:
Ashenzari
Dithmenos
Elyvilon
Gozag
Makhleb
Nemelex Xobeh
Ru
Trog
Uskayaw
Vehumet
Xom
Yredelemnul
Zin
The Shining One

Shops:
D:8 ([(%   D:10 ?

Annotations:
D:8 3 runed translucent doors, Name63's ghost, novice GnWz


Innate Abilities, Weirdness & Mutations

You are too large for most types of armour.
((You have tough skin. (AC +1)))


Message History

You are too injured to fight recklessly!
You are too injured to fight recklessly!
Unknown command.
Found 19 arrows.
The bog body hits you!!
* * * LOW HITPOINT WARNING * * *
The bog body touches you.
* * * LOW HITPOINT WARNING * * *
The bog body freezes you. You resist.
* * * LOW HITPOINT WARNING * * *
The komodo dragon closely misses you.
The bog body points at you and mumbles some strange words.
You feel as though you will be slow longer.
The komodo dragon barely misses you.
The bog body points at you and mumbles some strange words.
You feel as though you will be slow longer.
The komodo dragon bites you!!
* * * LOW HITPOINT WARNING * * *
The bog body hits you!!
You die...

...........<.....##
..................####
...................#.#
....................##
...........##........##
#.........###........#
#.........# #.....(P.#
#........####ln......#.........
###......P##.##s................
#..#.....###....................
........#..........#............
................................
................................
................................
........#.......................
...#...................†........
.##......#####..................


You could see a komodo dragon and a bog body.

Vanquished Creatures
  Harold (D:10)
  2 two-headed ogres (D:10)
  An unseen horror (D:10)
  Pikel (D:7)
  A deep elf mage (D:10)
  An ugly thing (D:10)
  6 spiny frogs
  A centaur skeleton (D:10)
  2 gargoyles
  An efreet (D:10)
  A merfolk (D:9)
  3 blink frogs (Lair:1)
  A bog body (Lair:2)
  Prince Ribbit (D:7)
  Grinder (D:3)
  2 hippogriffs
  A shadow (D:10)
  A redback (Lair:2)
  2 wyverns
  2 basilisks (Lair:2)
  2 hungry ghosts
  10 yaks
  An acid dragon (D:10)
  5 water moccasins
  5 porcupines
  2 ice beasts
  An orc warrior (D:9)
  A sky beast (D:10)
  A phantom (D:10)
  4 slaves (D:7)
  3 ogres
  4 centaurs
  9 crocodiles
  3 big kobolds
  3 elf zombies (Ossuary)
  8 bullfrogs
  A gnoll sergeant (D:6)
  8 scorpions
  A water moccasin skeleton (D:4)
  12 killer bees
  An electric eel (Lair:1)
  4 howler monkeys
  7 crimson imps
  2 jellies
  A quasit (D:6)
  2 orc priests
  5 hounds
  5 bullfrog skeletons
  9 orc wizards
  Ijyb (D:7)
  2 iguanas
  6 hell rats (Lair:1)
  7 worker ants
  3 big kobold zombies (Ossuary)
  A hound zombie (D:9)
  3 mummies (Ossuary)
  A hound skeleton (D:5)
  A howler monkey zombie (D:7)
  A worker ant zombie (D:10)
  13 adders
  12 gnolls
  4 river rats (Lair:1)
  3 shadow imps
  12 white imps (Lair:1)
  An ooze (D:4)
  An adder skeleton (D:4)
  3 adder zombies (Ossuary)
  A worm (D:4)
  5 dart slugs
  6 leopard geckos
  31 orcs
  3 giant cockroaches
  4 goblins
  3 hobgoblins
  7 jackals
  4 quokkas
  7 bats
  6 frilled lizards
  2 gnoll zombies (Ossuary)
  3 goblin zombies (Ossuary)
  5 hobgoblin zombies (Ossuary)
  2 jackal zombies (Ossuary)
  21 kobolds
  4 kobold zombies (Ossuary)
  An orc zombie (Ossuary)
  5 quokka zombies (Ossuary)
  11 rats
  3 rat zombies (Ossuary)
361 creatures vanquished.

Vanquished Creatures (collateral kills)
  An iguana (D:4)
1 creature vanquished.

Vanquished Creatures (others)
  19 fungi
  6 plants
25 creatures vanquished.

Grand Total: 387 creatures vanquished

Notes
Turn   | Place    | Note
-------+----------+-------------------------------------------
     0 | D:1      | Alecce the Ogre Transmuter began the quest for the Orb.
     0 | D:1      | Reached XP level 1. HP: 19/19 MP: 3/3
   409 | D:1      | Reached XP level 2. HP: 25/28 MP: 5/5
  1304 | D:2      | Reached XP level 3. HP: 36/36 MP: 6/6
  1394 | D:2      | Noticed a bullfrog
  2119 | D:1      | Reached XP level 4. HP: 26/46 MP: 5/7
  2124 | D:1      | Learned a level 2 spell: Sticks to Snakes
  2756 | D:3      | Noticed Grinder
  3027 | D:3      | Found a shattered altar of Ashenzari.
  3689 | D:3      | Reached XP level 5. HP: 19/55 MP: 8/8
  4571 | D:4      | Found an ancient bone altar of Kikubaaqudgha.
  4573 | D:4      | Found a shimmering altar of Xom.
  4573 | D:4      | Found a shimmering altar of Xom.
  4575 | D:4      | Found a glowing silver altar of Zin.
  4575 | D:4      | Found a glowing golden altar of the Shining One.
  4575 | D:4      | Found a white marble altar of Elyvilon.
  4663 | D:4      | Reached skill level 5 in Fighting
  4887 | D:4      | Reached XP level 6. HP: 61/66 MP: 7/9
  5369 | D:4      | Noticed a wyvern
  5484 | D:4      | Reached skill level 5 in Unarmed Combat
  6064 | D:4      | You fall into a shaft and drop 3 floors!
  6069 | D:7      | Learned a level 3 spell: Spider Form
  6181 | D:6      | Found a staircase to the Ecumenical Temple.
  6183 | D:6      | Noticed a water moccasin
  6195 | D:6      | Killed a water moccasin
  6195 | D:6      | Reached skill level 1 in Poison Magic
  6195 | D:6      | Reached XP level 7. HP: 22/75 MP: 8/10
  6218 | D:6      | HP: 3/75 [poisoned by a water moccasin]
  6224 | D:6      | HP: 2/75 [poisoned by a water moccasin]
  6232 | D:6      | HP: 2/75 [poisoned by a water moccasin]
  6714 | D:5      | Entered Level 5 of the Dungeon
  7109 | D:5      | Reached XP level 8. HP: 24/83 MP: 11/11
  7597 | D:3      | Paralysed by Grinder for 5 turns
  7601 | D:3      | Killed Grinder
  8157 | D:4      | Killed a wyvern
  8577 | D:5      | Found a sparkling altar of Nemelex Xobeh.
  8578 | D:5      | Noticed Ijyb
  8726 | D:5      | Found a burning altar of Makhleb.
  9876 | D:6      | Found a basalt altar of Yredelemnul.
 10016 | D:6      | Found a hide-covered altar of Uskayaw.
 10339 | D:6      | Reached XP level 9. HP: 68/97 MP: 12/12
 10616 | D:6      | Identified the +2 robe "Pynylee" {Int+7 Slay-6}
 10693 | D:6      | Found a glowing silver altar of Zin.
 10694 | D:6      | Noticed an angel
 10849 | D:7      | Noticed Prince Ribbit
 10859 | D:7      | Killed Prince Ribbit
 11027 | D:7      | Noticed Pikel
 11192 | D:7      | Killed Pikel
 11192 | D:7      | Reached skill level 10 in Fighting
 11203 | D:7      | Killed Ijyb
 11499 | D:7      | Found a sacrificial altar of Ru.
 11568 | D:7      | Found a radiant altar of Vehumet.
 11568 | D:7      | Found a bloodstained altar of Trog.
 11727 | D:8      | Found Saunt's Food Boutique.
 11804 | D:8      | Noticed a gargoyle
 12013 | D:8      | Found a sand-covered staircase.
 12022 | Ossuary  | Entered an ossuary
 12272 | Ossuary  | Reached XP level 10. HP: 77/114 MP: 13/13
 12781 | D:8      | Found a staircase to the Lair.
 13347 | D:8      | Found Ysiwoloa's Antique Weapon Shop.
 13359 | D:8      | Found a runed translucent gate.
 13360 | D:8      | Found a runed translucent gate.
 13360 | D:8      | Found an opulent altar of Gozag.
 13361 | D:8      | Found a runed translucent gate.
 13406 | D:8      | Noticed Name63's ghost (novice GnWz)
 13626 | D:8      | Found Ekuumnoi's Weapon Shop.
 13708 | D:8      | Found Bisupt's Antique Armour Boutique.
 13792 | D:8      | Killed a gargoyle
 14298 | D:8      | Bought a smoking scimitar for 198 gold pieces
 14298 | D:8      | Identified the +9 scimitar "Haresaph" {vorpal, Dex+4} (You
                  | bought it in a shop on level 8 of the Dungeon)
 14563 | D:9      | Reached skill level 10 in Unarmed Combat
 14964 | D:9      | Found a shadowy altar of Dithmenos.
 15588 | D:10     | Entered Level 10 of the Dungeon
 15645 | D:10     | Noticed Harold
 15967 | D:10     | Killed Harold
 15967 | D:10     | Reached XP level 11. HP: 99/123 MP: 11/14
 16255 | D:10     | Noticed a two-headed ogre
 16275 | D:10     | Killed a two-headed ogre
 16570 | D:10     | Noticed a deep elf mage
 16570 | D:10     | Noticed a brown ugly thing
 16583 | D:10     | Killed a deep elf mage
 16583 | D:10     | Reached skill level 5 in Transmutations
 16936 | D:10     | Noticed a two-headed ogre
 16951 | D:10     | Killed a two-headed ogre
 17826 | D:10     | Killed an unseen horror
 18118 | D:10     | Killed a brown ugly thing
 18319 | D:10     | Found Werouv's Magic Scroll Shoppe.
 18379 | D:10     | Bought a scroll of identify for 22 gold pieces
 18379 | D:10     | Bought a scroll of teleportation for 33 gold pieces
 18379 | D:10     | Bought a scroll of teleportation for 33 gold pieces
 18379 | D:10     | Bought a scroll of enchant weapon for 82 gold pieces
 18474 | D:10     | Learned a level 5 spell: Blade Hands
 18559 | Lair:1   | Entered Level 1 of the Lair of Beasts
 18969 | D:8      | Reached XP level 12. HP: 38/132 MP: 14/17
 19339 | Lair:1   | Found a frozen archway.
 19796 | Lair:1   | Reached skill level 5 in Spellcasting
 20327 | Lair:1   | Learned a level 4 spell: Ice Form
 20623 | Lair:1   | Reached skill level 1 in Ice Magic
 21378 | Lair:2   | Found a hole to the Spider Nest.
 21682 | Lair:2   | Identified the Grimoire of Contamination
 21697 | Lair:2   | Found a staircase to the Swamp.
 21712 | Lair:2   | HP: 3/132 [komodo dragon (21)]
 21713 | Lair:2   | Demolished by a bog body

Illustrated notes

Levels and vault maps discovered:
D:1:      scummos_arrival_gate, layout_loops_ring
D:2:      layout_basic, lightli_corner_chamber
D:3:      layout_basic, first_ration, ashenzari_altar_1, uniq_grinder
D:4:      layout_loops_corners, doesnt_xom_only_xom
D:5:      layout_loops_ring, lightli_temple_of_fire, nemelex_spade_bored_becter,
          uniq_ijyb
D:6:      layout_loops_cross, eat_drink_and_be_merry_uskayaw, zin_angel,
          yredelemnul_altar_generic, minmay_temple_entry_junction
D:7:      layout_rooms, kennysheep_mini_moat, amethyst_overflow_temple_binary,
          uniq_pikel, uniq_prince_ribbit1
D:8:      layout_cave_pods, due_lair_maze_entry_diamond, serial_shops, shop,
          shop_statue, shop_fountains, shop, ebering_ghost_gozag,
          lightli_ossuary_entry_decrepit_ruins
D:9:      layout_basic, nicolae_overflow_crystal_walls, hangedman_fish_farm
D:10:     layout_loops_corners, serial_shops, shop, minivault_22,
          minmay_shattered_shrine, uniq_harold
Lair:1:   layout_long_grid, portal_ice_cave_entry_imps,
          kennysheep_abandoned_house, grunt_megastairs_3,
          infiniplex_staircase_pool
Lair:2:   layout_hall_layers, skrybe_swamp_entry_bodies,
          spider_nest_entry_rubble, disabler_island

Skill      XL: |  1  2  3  4  5  6  7  8  9 10 11 12 |
---------------+-------------------------------------+-----
Fighting       | 2 3 4 5 6 8 11 12 | 12.0
Unarmed Combat | 3 4 5 6 8 11 12 | 12.0
Transmutations | 2 4 8 9 |  9.5
Poison Magic   | 1 3 4 |  4.0
Spellcasting   | 3 6 |  6.3
Ice Magic      | 2 |  2.4
Dodging        | |  1.7

Action                   |  1- 3 |  4- 6 |  7- 9 | 10-12 || total
-------------------------+-------+-------+-------+-------++-------
Melee: Unarmed           |   130 |   211 |   458 |   658 ||  1457
       Headbutt          |     2 |     4 |     3 |     1 ||    10
       Kick              |     1 |    13 |    13 |       ||    27
       Punch             |       |     3 |     4 |    18 ||    25
 Cast: Beastly Appendage |     5 |    11 |     7 |     2 ||    25
       Sticks to Snakes  |       |     2 |     4 |       ||     6
       Spider Form       |       |       |    18 |    40 ||    58
Evoke: Wand              |       |       |       |     1 ||     1
  Use: Potion            |       |       |     3 |       ||     3
       Scroll            |       |       |    17 |     4 ||    21
 Stab: Sleeping          |       |     3 |       |       ||     3
       Distracted        |       |       |     2 |       ||     2
       Paralysed         |       |       |       |     3 ||     3
  Eat: Chunk             |     2 |    15 |    14 |    24 ||    55
       Ration            |       |       |     2 |     4 ||     6
Armor: Robe              |    44 |    37 |    46 |    28 ||   155
       Skin              |       |       |     9 |     6 ||    15
Dodge: Dodged            |    74 |   103 |   291 |   526 ||   994
